 Dungeon Crawl Stone Soup version 0.27-a0-1196-g3e9cee4cb2 (webtiles) character file.

Game seed: 583669331054877406

14702 EnegeticOcto the Thaumaturge (level 12, -3/91 HPs)
             Began as a Gnoll Venom Mage on May 27, 2021.
             Was an Elder of Cheibriados.
             Slain by a six-headed hydra (9 damage)
             ... on level 1 of the Lair of Beasts.
             The game lasted 00:23:02 (2471 turns).

EnegeticOcto the Thaumaturge (Gnoll Venom Mage)     Turns: 2471, Time: 00:23:02

Health: -3/91      AC: 10    Str: 17    XL:     12   Next: 19%
Magic:  24/24      EV: 18    Int: 32    God:    Cheibriados [****..]
Gold:   395        SH:  0    Dex: 21    Spells: 11/28 levels left

rFire    . . .     SeeInvis +   n - +5 trident (distort)
rCold    + . .     Faith    .   (no shield)
rNeg     . . .     Spirit   .   H - +3 leather armour of the Okapi {rC+ Int+3}
rPois    .         Reflect  .   y - +0 helmet of Indemnity {SInv}
rElec    .         Harm     .   D - +0 cloak {Will+}
rCorr    .         Rampage  .   j - +0 pair of gloves
Will     +....                  (no boots)
Stlth    ++++......             b - amulet of magic regeneration
HPRegen  0.25/turn              (no ring)
MPRegen  0.44/turn              (no ring)

@: very slow
A: fangs 1, strong nose, distributed training
a: Renounce Religion, Bend Time, Temporal Distortion, Slouch


You were on level 1 of the Lair of Beasts.
You worshipped Cheibriados.
Cheibriados was greatly pleased with you.
You visited 3 branches of the dungeon, and saw 16 of its levels.

You collected 395 gold pieces.

Inventory:

Hand Weapons
 f - a +4 short sword
   (You took it off a wight on level 8 of the Dungeon)
 g - a +1 trident
   (You found it on level 5 of the Dungeon)
 h - a +4 flail
   (You took it off a wight on level 8 of the Dungeon)
 n - a +5 trident of distortion (weapon)
   (You took it off a gnoll sergeant on level 9 of the Dungeon)
 t - the +8 trident of Imirot {drain, Str+5}
   (You found it on level 10 of the Dungeon)

   A truly terrible weapon, it drains the life of those it strikes.
   It affects your strength (+5).
 I - the +2 dagger of Gasib {drain, rPois rN++ Will+}
   (You found it on level 1 of the Lair of Beasts)

   A truly terrible weapon, it drains the life of those it strikes.
   It protects you from poison.
   It greatly protects you from negative energy.
   It increases your willpower.
Missiles
 e - 10 javelins
 r - a throwing net {!f}
 v - 2 curare-tipped darts
Armour
 a - a +0 robe
 j - a +0 pair of gloves (worn)
   (You found it on level 5 of the Dungeon)
 k - a +3 ring mail of cold resistance
   (You took it off Frances on level 12 of the Dungeon)
 y - the +0 helmet of Indemnity (worn) {SInv}
   (You found it on level 12 of the Dungeon)

   It lets you see invisible.
 D - a +0 cloak of willpower (worn)
   (You found it on level 12 of the Dungeon)
 E - +0 acid dragon scales
   (You found it on level 12 of the Dungeon)
 H - the +3 leather armour of the Okapi (worn) {rC+ Int+3}
   (You found it on level 10 of the Dungeon)

   It affects your intelligence (+3).
   It protects you from cold.
Jewellery
 b - an amulet of magic regeneration (around neck)
   (You found it on level 1 of the Dungeon)
Wands
 m - a wand of acid (15) {@v1}
   (You found it on level 8 of the Dungeon)
 p - a wand of polymorph (10)
   (You found it on level 7 of the Dungeon)
 q - a wand of paralysis (21)
   (You found it on level 12 of the Dungeon)
 s - a wand of mindburst (11)
   (You found it on level 9 of the Dungeon)
 B - a wand of charming (7)
   (You took it off Maurice on level 12 of the Dungeon)
Scrolls
 d - 3 scrolls of teleportation {@r3 !r}
 w - a scroll of acquirement
 z - a scroll of immolation
 A - a scroll of enchant weapon
 F - a scroll of silence
Potions
 c - a potion of mutation {unknown}
 i - a potion of might {@q3 !q}
 l - a potion of degeneration {unknown}
 o - 2 potions of brilliance
 u - 2 potions of attraction
 x - 5 potions of curing {@q1 !q}
 C - a potion of flight {unknown}
 G - a potion of haste {unknown}


   Skills:
 + Level 7.0 Fighting
 + Level 7.0 Short Blades
 + Level 7.0 Long Blades
 + Level 7.0 Axes
 + Level 7.0 Maces & Flails
 + Level 7.0 Polearms
 + Level 7.0 Staves
 + Level 7.0 Slings
 + Level 7.0 Bows
 + Level 7.0 Crossbows
 + Level 7.0 Throwing
 + Level 7.0 Armour
 + Level 8.5 Dodging
 + Level 8.3 Stealth
 + Level 7.0 Shields
 + Level 7.0 Unarmed Combat
 + Level 8.7 Spellcasting
 + Level 5.8 Conjurations
 + Level 5.8 Hexes
 + Level 5.8 Summonings
 + Level 5.8 Necromancy
 + Level 5.8 Translocations
 + Level 6.3 Transmutations
 + Level 5.8 Fire Magic
 + Level 5.8 Ice Magic
 + Level 5.8 Air Magic
 + Level 5.8 Earth Magic
 + Level 8.1 Poison Magic
 + Level 7.7 Invocations
 + Level 7.0 Evocations


You had 11 spell levels left.
You knew the following spells:

 Your Spells              Type           Power      Damage    Failure   Level
a - Sting                 Tmut/Pois      100%       1d8       1%          1
b - Poisonous Vapours     Pois/Air       100%       N/A       1%          2
c - Ignite Poison         Fire/Tmut/Pois 55%        N/A       1%          3
d - Olgreb's Toxic Radia  Pois           60%        N/A       1%          4
e - Mephitic Cloud        Conj/Pois/Air  54%        N/A       1%          3
f - Searing Ray           Conj           100%       3d7       1%          2
Y - Blink                 Tloc           N/A        N/A       1%          2

Your spell library contained the following spells:

 Spells                   Type           Power      Damage    Failure   Level
 Magic Dart               Conj           100%       1d8       1%          1
 Dazzling Flash           Conj/Hex       100%       N/A       1%          3
 Gell's Gravitas          Tloc           25%        N/A       1%          3
 Lesser Beckoning         Tloc           25%        N/A       1%          3
 Teleport Other           Tloc           51%        N/A       1%          3
 Fulminant Prism          Conj/Hex       25%        3d14      3%          4
 Iskenderun's Mystic Bla  Conj/Tloc      51%        2d11      3%          4
 Manifold Assault         Tloc           51%        N/A       11%         5


Dungeon Overview and Level Annotations

Branches:
Dungeon (14/15)            Temple (1/1) D:5            Lair (1/6) D:10
    Orc: D:9-12      Vaults: D:13-14

Altars:
Ashenzari
Cheibriados
Dithmenos
Fedhas
Gozag
Hepliaklqana
Kikubaaqudgha
Makhleb
Nemelex Xobeh
Okawaru
Qazlal
Ru
Trog
Uskayaw
Wu Jian
Xom
Yredelemnul
Zin

Shops:
D:5 *

Annotations:
D:9 2 transporters, PanSaczeczos's ghost, novice DrEE


Innate Abilities, Weirdness & Mutations

You have very sharp teeth.
Your uncanny sense of smell can sniff out nearby items.
Your experience applies equally to all skills.


Message History

The yak seems to burn from within!!!
You kill the yak!
Cheibriados appreciates the change of pace.
You can now inflict damage on those overly hasty.
Cheibriados raises the support of your attributes as your movement slows.
The yak seems to burn from within!!
The yak is almost dead.
The yak seems to burn from within!!
The yak is almost dead.
The yak barely misses you. The yak closely misses you.
Casting: Ignite Poison (safe; 1% risk of failure)
Confirm with . or Enter, or press ? or * to list all spells.
You begin to radiate toxic energy.
You kill the yak!
Cheibriados appreciates the change of pace.
You kill the yak!
Cheibriados appreciates the change of pace.
You kill the yak!
Cheibriados appreciates the change of pace.
Your toxic aura wanes.
Found a dazzling dagger.
Found a potion of attraction.
u - 2 potions of attraction (gained 1)
A six-headed hydra comes into view.
You see here the +2 dagger of Gasib {drain, rPois rN++ Will+}.
I - the +2 dagger of Gasib {drain, rPois rN++ Will+} The six-headed hydra roars!
You puncture the six-headed hydra!
Space bends around the six-headed hydra.
Your bite misses the six-headed hydra.
The six-headed hydra is lightly wounded.
The six-headed hydra bites you but does no damage.
The six-headed hydra closely misses you. x2
The six-headed hydra bites you. The six-headed hydra bites you!
The six-headed hydra completely misses you.
You puncture the six-headed hydra!
Space bends around the six-headed hydra.
Your bite misses the six-headed hydra.
The six-headed hydra is moderately wounded.
The six-headed hydra completely misses you.
The six-headed hydra bites you. The six-headed hydra bites you! x2
The six-headed hydra misses you. The six-headed hydra bites you.
You are too injured to fight recklessly!
You puncture the six-headed hydra!
The six-headed hydra is heavily wounded.
The six-headed hydra blinks!
The six-headed hydra closely misses you.
The six-headed hydra bites you. The six-headed hydra barely misses you.
The six-headed hydra bites you but does no damage.
The six-headed hydra bites you.
The six-headed hydra closely misses you.
You barely miss the six-headed hydra.
The six-headed hydra is heavily wounded.
The six-headed hydra bites you. The six-headed hydra bites you!
The six-headed hydra bites you. The six-headed hydra bites you!
* * * LOW HITPOINT WARNING * * *
The six-headed hydra bites you!
* * * LOW HITPOINT WARNING * * *
The six-headed hydra bites you but does no damage.
You puncture the six-headed hydra!
Space warps horribly around the six-headed hydra!!
The six-headed hydra is almost dead.
The six-headed hydra bites you.
* * * LOW HITPOINT WARNING * * *
The six-headed hydra barely misses you.
The six-headed hydra bites you but does no damage. x2
The six-headed hydra closely misses you.
The six-headed hydra barely misses you.
You hit the six-headed hydra.
The six-headed hydra is almost dead.
You hit the six-headed hydra.
The six-headed hydra is almost dead.
The six-headed hydra bites you.
* * * LOW HITPOINT WARNING * * *
The six-headed hydra bites you but does no damage.
The six-headed hydra bites you.
* * * LOW HITPOINT WARNING * * *
The six-headed hydra completely misses you.
The six-headed hydra bites you.
* * * LOW HITPOINT WARNING * * *
The six-headed hydra bites you but does no damage.
You hit the six-headed hydra.
Space bends around the six-headed hydra.
The six-headed hydra is almost dead.
The six-headed hydra completely misses you.
The six-headed hydra bites you but does no damage.
The six-headed hydra bites you.
* * * LOW HITPOINT WARNING * * *
The six-headed hydra closely misses you.
The six-headed hydra bites you but does no damage. x2
Okay, then.
Aiming: Corrosive Bolt
Press: ? - help, Shift-Dir - straight line, f - six-headed hydra
Aim: a six-headed hydra (almost dead, 91% to hit)
The bolt of acid misses the six-headed hydra.
The six-headed hydra misses you.
The six-headed hydra bites you but does no damage.
The six-headed hydra bites you!
You die...

....# .....### ###
.......# .... .......###
### .....
........P###.######.....
#.†..................#
###†..†.......D.......#
##.#............@......#
.....#.####....P#.....##
.....### #.....##.....#
.....#### #....###....#.
........####.....# ##...
.†.......# #.....# ..
†.......###.......# .
........# #......##
.........###.....#


You could see a six-headed hydra.

Vanquished Creatures
  Frances (D:12)
  Harold (Lair:1)
  3 two-headed ogres (D:11)
  Sonja (D:12)
  Maurice (D:12)
  An elephant (D:10)
  2 gargoyles
  2 unseen horrors
  A rime drake (Lair:1)
  2 vampires
  19 yaks
  A wraith (D:10)
  A wyvern (D:9)
  2 basilisks (D:10)
  An acid dragon (D:12)
  3 water moccasins (Lair:1)
  A black bear (D:8)
  A sky beast (D:7)
  2 orc warriors
  4 wolves (Lair:1)
  2 ogres (D:6)
  4 centaurs
  A kobold brigand (D:9)
  3 bullfrogs
  A gnoll sergeant (D:9)
  2 scorpions (D:5)
  5 wights (D:8)
  5 howler monkeys
  2 centaur zombies
  2 orc priests
  3 iguanas
  An orc wizard (D:10)
  2 hound skeletons (D:5)
  3 adders
  4 gnolls (D:9)
  A shadow imp (D:6)
  A dart slug (D:3)
  14 orcs
  A ball python (D:4)
  5 endoplasms
  3 giant cockroaches
  2 hobgoblins
  A frilled lizard (D:3)
  A goblin (D:2)
  5 kobolds (D:9)
124 creatures vanquished.

Vanquished Creatures (collateral kills)
  A yak (D:10)
1 creature vanquished.

Vanquished Creatures (others)
  A yak (D:10)
  2 fungi (Lair:1)
3 creatures vanquished.

Grand Total: 128 creatures vanquished

Notes
Turn   | Place    | Note
-------+----------+-------------------------------------------
     0 | D:1      | EnegeticOcto the Gnoll Venom Mage began the quest for the
                  | Orb.
     0 | D:1      | Reached XP level 1. HP: 13/13 MP: 6/6
    45 | D:1      | Reached skill level 2 in Transmutations
    45 | D:1      | Reached XP level 2. HP: 16/20 MP: 3/7
    48 | D:1      | Learned a level 2 spell: Poisonous Vapours
   127 | D:3      | Reached XP level 3. HP: 20/25 MP: 3/9
   130 | D:3      | Reached skill level 5 in Spellcasting
   134 | D:3      | Learned a level 3 spell: Ignite Poison
   173 | D:3      | Reached skill level 1 in Fighting
   173 | D:3      | Reached skill level 1 in Short Blades
   173 | D:3      | Reached skill level 1 in Long Blades
   173 | D:3      | Reached skill level 1 in Axes
   173 | D:3      | Reached skill level 1 in Maces & Flails
   173 | D:3      | Reached skill level 1 in Polearms
   173 | D:3      | Reached skill level 1 in Staves
   173 | D:3      | Reached skill level 1 in Slings
   173 | D:3      | Reached skill level 1 in Bows
   173 | D:3      | Reached skill level 1 in Crossbows
   173 | D:3      | Reached skill level 1 in Throwing
   173 | D:3      | Reached skill level 1 in Armour
   173 | D:3      | Reached skill level 1 in Shields
   173 | D:3      | Reached skill level 1 in Unarmed Combat
   173 | D:3      | Reached skill level 1 in Invocations
   173 | D:3      | Reached skill level 1 in Evocations
   173 | D:3      | Reached XP level 4. HP: 31/32 MP: 2/11
   297 | D:4      | Learned a level 4 spell: Olgreb's Toxic Radiance
   301 | D:4      | Learned a level 3 spell: Mephitic Cloud
   356 | D:4      | Reached skill level 1 in Conjurations
   356 | D:4      | Reached skill level 1 in Hexes
   356 | D:4      | Reached skill level 1 in Summonings
   356 | D:4      | Reached skill level 1 in Necromancy
   356 | D:4      | Reached skill level 1 in Translocations
   356 | D:4      | Reached skill level 1 in Fire Magic
   356 | D:4      | Reached skill level 1 in Ice Magic
   356 | D:4      | Reached skill level 1 in Air Magic
   356 | D:4      | Reached skill level 1 in Earth Magic
   396 | D:5      | Entered Level 5 of the Dungeon
   396 | D:5      | Found Tefup's General Store.
   405 | D:5      | Noticed a scorpion
   410 | D:5      | Killed a scorpion
   411 | D:5      | Reached XP level 5. HP: 31/37 MP: 9/12
   462 | D:5      | Reached skill level 2 in Invocations
   462 | D:5      | Reached XP level 6. HP: 44/44 MP: 7/13
   471 | D:5      | Learned a level 2 spell: Searing Ray
   515 | D:5      | Found a staircase to the Ecumenical Temple.
   553 | Temple   | Entered the Ecumenical Temple
   563 | Temple   | Became a worshipper of Cheibriados the Contemplative
   613 | D:6      | Reached skill level 2 in Fighting
   613 | D:6      | Reached skill level 2 in Short Blades
   613 | D:6      | Reached skill level 2 in Long Blades
   613 | D:6      | Reached skill level 2 in Axes
   613 | D:6      | Reached skill level 2 in Maces & Flails
   613 | D:6      | Reached skill level 2 in Polearms
   613 | D:6      | Reached skill level 2 in Staves
   613 | D:6      | Reached skill level 2 in Slings
   613 | D:6      | Reached skill level 2 in Bows
   613 | D:6      | Reached skill level 2 in Crossbows
   613 | D:6      | Reached skill level 2 in Throwing
   613 | D:6      | Reached skill level 2 in Armour
   613 | D:6      | Reached skill level 5 in Dodging
   613 | D:6      | Reached skill level 2 in Shields
   613 | D:6      | Reached skill level 2 in Unarmed Combat
   613 | D:6      | Reached skill level 2 in Evocations
   638 | D:6      | Reached XP level 7. HP: 50/50 MP: 6/15
   697 | D:7      | Reached skill level 2 in Conjurations
   697 | D:7      | Reached skill level 2 in Hexes
   697 | D:7      | Reached skill level 2 in Summonings
   697 | D:7      | Reached skill level 2 in Necromancy
   697 | D:7      | Reached skill level 2 in Translocations
   697 | D:7      | Reached skill level 3 in Transmutations
   697 | D:7      | Reached skill level 2 in Fire Magic
   697 | D:7      | Reached skill level 2 in Ice Magic
   697 | D:7      | Reached skill level 2 in Air Magic
   697 | D:7      | Reached skill level 2 in Earth Magic
   804 | D:8      | Reached skill level 5 in Stealth
   852 | D:8      | Reached skill level 3 in Invocations
   877 | D:8      | Reached skill level 6 in Poison Magic
   877 | D:8      | Reached XP level 8. HP: 8/57 MP: 8/16
   894 | D:8      | Reached skill level 3 in Fighting
   894 | D:8      | Reached skill level 3 in Short Blades
   894 | D:8      | Reached skill level 3 in Long Blades
   894 | D:8      | Reached skill level 3 in Axes
   894 | D:8      | Reached skill level 3 in Maces & Flails
   894 | D:8      | Reached skill level 3 in Polearms
   894 | D:8      | Reached skill level 3 in Staves
   894 | D:8      | Reached skill level 3 in Slings
   894 | D:8      | Reached skill level 3 in Bows
   894 | D:8      | Reached skill level 3 in Crossbows
   894 | D:8      | Reached skill level 3 in Throwing
   894 | D:8      | Reached skill level 3 in Armour
   894 | D:8      | Reached skill level 3 in Shields
   894 | D:8      | Reached skill level 3 in Unarmed Combat
   894 | D:8      | Reached skill level 3 in Evocations
   926 | D:9      | Reached * piety under Cheibriados
   931 | D:9      | Noticed a wyvern
   933 | D:9      | Reached skill level 6 in Spellcasting
   935 | D:9      | Killed a wyvern
   941 | D:9      | Found a bloodstained altar of Trog.
  1050 | D:10     | Entered Level 10 of the Dungeon
  1055 | D:10     | Noticed a yak
  1055 | D:10     | Noticed a yak
  1056 | D:10     | Noticed a yak
  1056 | D:10     | Noticed a yak
  1058 | D:10     | Noticed a yak
  1058 | D:10     | Noticed a yak
  1062 | D:10     | Killed a yak
  1062 | D:10     | Killed a yak
  1062 | D:10     | Killed a yak
  1062 | D:10     | Killed a yak
  1062 | D:10     | Killed a yak
  1062 | D:10     | Killed a yak
  1063 | D:10     | Reached skill level 4 in Fighting
  1063 | D:10     | Reached skill level 4 in Short Blades
  1063 | D:10     | Reached skill level 4 in Long Blades
  1063 | D:10     | Reached skill level 4 in Axes
  1063 | D:10     | Reached skill level 4 in Maces & Flails
  1063 | D:10     | Reached skill level 4 in Polearms
  1063 | D:10     | Reached skill level 4 in Staves
  1063 | D:10     | Reached skill level 4 in Slings
  1063 | D:10     | Reached skill level 4 in Bows
  1063 | D:10     | Reached skill level 4 in Crossbows
  1063 | D:10     | Reached skill level 4 in Throwing
  1063 | D:10     | Reached skill level 4 in Armour
  1063 | D:10     | Reached skill level 6 in Dodging
  1063 | D:10     | Reached skill level 6 in Stealth
  1063 | D:10     | Reached skill level 4 in Shields
  1063 | D:10     | Reached skill level 4 in Unarmed Combat
  1063 | D:10     | Reached skill level 3 in Conjurations
  1063 | D:10     | Reached skill level 3 in Hexes
  1063 | D:10     | Reached skill level 3 in Summonings
  1063 | D:10     | Reached skill level 3 in Necromancy
  1063 | D:10     | Reached skill level 3 in Translocations
  1063 | D:10     | Reached skill level 4 in Transmutations
  1063 | D:10     | Reached skill level 3 in Fire Magic
  1063 | D:10     | Reached skill level 3 in Ice Magic
  1063 | D:10     | Reached skill level 3 in Air Magic
  1063 | D:10     | Reached skill level 3 in Earth Magic
  1063 | D:10     | Reached skill level 4 in Invocations
  1063 | D:10     | Reached skill level 4 in Evocations
  1063 | D:10     | Reached XP level 9. HP: 50/65 MP: 8/18
  1070 | D:10     | Identified the +8 trident of Imirot {drain, Str+5}
  1165 | D:12     | Killed an unseen horror
  1187 | D:12     | Noticed Frances
  1197 | D:12     | Killed Frances
  1197 | D:12     | HP: 2/66 [poisoned by Frances]
  1198 | D:12     | Reached skill level 5 in Fighting
  1198 | D:12     | Reached skill level 5 in Short Blades
  1198 | D:12     | Reached skill level 5 in Long Blades
  1198 | D:12     | Reached skill level 5 in Axes
  1198 | D:12     | Reached skill level 5 in Maces & Flails
  1198 | D:12     | Reached skill level 5 in Polearms
  1198 | D:12     | Reached skill level 5 in Staves
  1198 | D:12     | Reached skill level 5 in Slings
  1198 | D:12     | Reached skill level 5 in Bows
  1198 | D:12     | Reached skill level 5 in Crossbows
  1198 | D:12     | Reached skill level 5 in Throwing
  1198 | D:12     | Reached skill level 5 in Armour
  1198 | D:12     | Reached skill level 7 in Dodging
  1198 | D:12     | Reached skill level 5 in Shields
  1198 | D:12     | Reached skill level 5 in Unarmed Combat
  1198 | D:12     | Reached skill level 7 in Spellcasting
  1198 | D:12     | Reached skill level 4 in Conjurations
  1198 | D:12     | Reached skill level 4 in Hexes
  1198 | D:12     | Reached skill level 4 in Summonings
  1198 | D:12     | Reached skill level 4 in Necromancy
  1198 | D:12     | Reached skill level 4 in Translocations
  1198 | D:12     | Reached skill level 4 in Fire Magic
  1198 | D:12     | Reached skill level 4 in Ice Magic
  1198 | D:12     | Reached skill level 4 in Air Magic
  1198 | D:12     | Reached skill level 4 in Earth Magic
  1198 | D:12     | Reached skill level 7 in Poison Magic
  1198 | D:12     | Reached skill level 5 in Invocations
  1198 | D:12     | Reached skill level 5 in Evocations
  1198 | D:12     | Reached XP level 10. HP: 3/74 MP: 4/20
  1210 | D:12     | Reached ** piety under Cheibriados
  1235 | D:12     | Noticed a gargoyle
  1239 | D:12     | Killed a gargoyle
  1240 | D:12     | Reached skill level 5 in Transmutations
  1244 | D:12     | Noticed Sonja
  1251 | D:12     | Killed Sonja
  1252 | D:12     | Reached skill level 7 in Stealth
  1252 | D:12     | Reached skill level 6 in Invocations
  1298 | D:12     | Identified the +0 helmet of Indemnity {SInv}
  1307 | D:12     | You fall into a shaft and drop 2 floors!
  1400 | D:13     | Noticed a vault guard
  1400 | D:13     | Noticed a gargoyle
  1423 | D:13     | Found a glowing silver altar of Zin.
  1481 | D:12     | Noticed Maurice
  1489 | D:12     | Killed Maurice
  1642 | D:11     | Noticed a two-headed ogre
  1647 | D:11     | Killed a two-headed ogre
  1648 | D:11     | Reached XP level 11. HP: 80/81 MP: 14/22
  1648 | D:11     | Noticed a two-headed ogre
  1655 | D:11     | Killed a two-headed ogre
  1656 | D:11     | Reached skill level 6 in Fighting
  1656 | D:11     | Reached skill level 6 in Short Blades
  1656 | D:11     | Reached skill level 6 in Long Blades
  1656 | D:11     | Reached skill level 6 in Axes
  1656 | D:11     | Reached skill level 6 in Maces & Flails
  1656 | D:11     | Reached skill level 6 in Polearms
  1656 | D:11     | Reached skill level 6 in Staves
  1656 | D:11     | Reached skill level 6 in Slings
  1656 | D:11     | Reached skill level 6 in Bows
  1656 | D:11     | Reached skill level 6 in Crossbows
  1656 | D:11     | Reached skill level 6 in Throwing
  1656 | D:11     | Reached skill level 6 in Armour
  1656 | D:11     | Reached skill level 6 in Shields
  1656 | D:11     | Reached skill level 6 in Unarmed Combat
  1656 | D:11     | Reached skill level 5 in Conjurations
  1656 | D:11     | Reached skill level 5 in Hexes
  1656 | D:11     | Reached skill level 5 in Summonings
  1656 | D:11     | Reached skill level 5 in Necromancy
  1656 | D:11     | Reached skill level 5 in Translocations
  1656 | D:11     | Reached skill level 5 in Fire Magic
  1656 | D:11     | Reached skill level 5 in Ice Magic
  1656 | D:11     | Reached skill level 5 in Air Magic
  1656 | D:11     | Reached skill level 5 in Earth Magic
  1656 | D:11     | Reached skill level 6 in Evocations
  1706 | D:11     | Reached skill level 8 in Spellcasting
  1727 | D:11     | Noticed a five-headed hydra
  1733 | D:11     | Banished a five-headed hydra
  1743 | D:11     | Learned a level 2 spell: Blink
  1823 | D:10     | Identified the +3 leather armour of the Okapi {rC+ Int+3}
  1895 | D:11     | Noticed a two-headed ogre
  1899 | D:11     | Killed a two-headed ogre
  1900 | D:11     | Reached skill level 7 in Invocations
  1965 | D:10     | Found a staircase to the Lair.
  1971 | D:10     | Reached skill level 8 in Dodging
  2057 | D:10     | Reached *** piety under Cheibriados
  2058 | D:10     | Reached skill level 8 in Stealth
  2058 | D:10     | Reached skill level 6 in Transmutations
  2114 | D:10     | Identified a scroll of acquirement
  2151 | D:9      | Found a transporter.
  2154 | D:9      | Noticed PanSaczeczos's ghost (novice DrEE)
  2155 | D:9      | Noticed a moth of wrath
  2173 | D:9      | Found a transporter.
  2312 | Lair:1   | Entered Level 1 of the Lair of Beasts
  2327 | Lair:1   | Noticed Harold
  2332 | Lair:1   | Killed Harold
  2333 | Lair:1   | Reached skill level 8 in Poison Magic
  2333 | Lair:1   | Reached XP level 12. HP: 83/89 MP: 14/24
  2434 | Lair:1   | Reached skill level 7 in Fighting
  2434 | Lair:1   | Reached skill level 7 in Short Blades
  2434 | Lair:1   | Reached skill level 7 in Long Blades
  2434 | Lair:1   | Reached skill level 7 in Axes
  2434 | Lair:1   | Reached skill level 7 in Maces & Flails
  2434 | Lair:1   | Reached skill level 7 in Polearms
  2434 | Lair:1   | Reached skill level 7 in Staves
  2434 | Lair:1   | Reached skill level 7 in Slings
  2434 | Lair:1   | Reached skill level 7 in Bows
  2434 | Lair:1   | Reached skill level 7 in Crossbows
  2434 | Lair:1   | Reached skill level 7 in Throwing
  2434 | Lair:1   | Reached skill level 7 in Armour
  2434 | Lair:1   | Reached skill level 7 in Shields
  2434 | Lair:1   | Reached skill level 7 in Unarmed Combat
  2434 | Lair:1   | Reached skill level 7 in Evocations
  2444 | Lair:1   | Reached **** piety under Cheibriados
  2453 | Lair:1   | Noticed a six-headed hydra
  2455 | Lair:1   | Identified the +2 dagger of Gasib {drain, rPois rN++ Will+}
  2471 | Lair:1   | Slain by a six-headed hydra

Illustrated notes

Levels and vault maps discovered:
D:1:      amcnicky_arrival_double_pillar, layout_loops_ring,
          serial_bayou_crossing
D:2:      layout_rooms, basic_altar, minmay_crystal_water
D:3:      layout_basic
D:4:      layout_basic, serial_shops, shop_statue, nrook_loot_triangle,
          minmay_misc_feat_rows
D:5:      layout_cave_pools, minmay_temple_entry_crystal_x, serial_shops, shop,
          chequers_serial_rivers_micro_b
D:6:      layout_rooms, gup_sewer_entry_bubbles, minmay_misc_feat_room,
          grunt_ministairs_8, hex_medium
D:7:      cheibrodos_iron_armory, layout_basic
D:8:      black_bear_nest_1, layout_rooms
D:9:      layout_cave_pools, lemuel_crystal_altar, david_orc_4,
          gammafunk_ghost_berserking_beasts
D:10:     layout_irregular_city, david_lair_generic, minmay_misc_feat_cross
D:11:     nzn_winding_woodlands_cross [nzn_winding_woodlands_5x15_jagged,
          nzn_winding_woodlands_5x15_garden, nzn_winding_woodlands_5x15_cabin,
          nzn_winding_woodlands_5x15_parted,
          nzn_winding_woodlands_15x15_thick_spiral], layout_loops_cross
D:12:     hangedman_screamer, layout_cave_pools, uniq_maurice, uniq_sonja,
          uniq_frances
D:13:     layout_layer_cave, grunt_vaults_entry_fortified, zin_statuary
D:14:     layout_loops_ring, vehumet_crystals, st_stairs_12,
          minmay_misc_feat_rugged, grunt_ministairs_10
Temple:   dpeg_three_leaves_temple
Lair:1:   layout_cellular_growth, uniq_harold

Skill      XL: |  1  2  3  4  5  6  7  8  9 10 11 12 |
---------------+-------------------------------------+-----
Transmutations | 2 3 4 5 6 |  6.3
Spellcasting   | 5 6 7 8 |  8.7
Fighting       | 1 2 4 5 6 7 |  7.0
Short Blades   | 1 2 4 5 6 7 |  7.0
Long Blades    | 1 2 4 5 6 7 |  7.0
Axes           | 1 2 4 5 6 7 |  7.0
Maces & Flails | 1 2 4 5 6 7 |  7.0
Polearms       | 1 2 4 5 6 7 |  7.0
Staves         | 1 2 4 5 6 7 |  7.0
Slings         | 1 2 4 5 6 7 |  7.0
Bows           | 1 2 4 5 6 7 |  7.0
Crossbows      | 1 2 4 5 6 7 |  7.0
Throwing       | 1 2 4 5 6 7 |  7.0
Armour         | 1 2 4 5 6 7 |  7.0
Shields        | 1 2 4 5 6 7 |  7.0
Unarmed Combat | 1 2 4 5 6 7 |  7.0
Invocations    | 1 2 3 4 5 6 7 |  7.7
Evocations     | 1 2 4 5 6 7 |  7.0
Conjurations   | 1 2 3 4 5 |  5.8
Hexes          | 1 2 3 4 5 |  5.8
Summonings     | 1 2 3 4 5 |  5.8
Necromancy     | 1 2 3 4 5 |  5.8
Translocations | 1 2 3 4 5 |  5.8
Fire Magic     | 1 2 3 4 5 |  5.8
Ice Magic      | 1 2 3 4 5 |  5.8
Air Magic      | 1 2 3 4 5 |  5.8
Earth Magic    | 1 2 3 4 5 |  5.8
Dodging        | 5 6 7 8 |  8.5
Stealth        | 5 6 7 8 |  8.3
Poison Magic   | 6 7 8 |  8.1

Action                   |  1- 3 |  4- 6 |  7- 9 | 10-12 || total
-------------------------+-------+-------+-------+-------++-------
Melee: Unarmed           |     1 |     3 |       |       ||     4
       Trident           |       |     1 |    12 |    79 ||    92
       Short sword       |       |       |     4 |       ||     4
       Punch             |       |       |     1 |     6 ||     7
       Bite              |       |       |       |     9 ||     9
 Cast: Sting             |    19 |    11 |     2 |       ||    32
       Poisonous Vapours |     5 |    17 |    16 |    27 ||    65
       Searing Ray       |       |     3 |     6 |       ||     9
       Ignite Poison     |       |     2 |    12 |    12 ||    26
       Olgreb's Toxic Ra |       |       |     8 |    13 ||    21
       Mephitic Cloud    |       |       |     1 |       ||     1
       Blink             |       |       |       |     2 ||     2
Invok: Bend Time         |       |       |       |     1 ||     1
Evoke: Wand              |       |       |     1 |    18 ||    19
  Use: Scroll            |       |     1 |     4 |     4 ||     9
       Potion            |       |       |     4 |     2 ||     6
 Stab: Sleeping          |       |       |     1 |     3 ||     4
       Paralysed         |       |       |       |     2 ||     2
Armor: Robe              |       |     1 |     8 |     2 ||    11
       Leather armour    |       |       |       |    33 ||    33
       Acid dragon scale |       |       |       |    11 ||    11
Dodge: Dodged            |    10 |    10 |    30 |    76 ||   126

Table legend: (Time is in decaauts)
 A = Elapsed time spent in this place.
 B = Non-inter-level travel time spent in this place.
 C = Inter-level travel time spent in this place.
 D = Time resting spent in this place.
 E = Time spent auto-exploring this place.
 F = Levels seen in this place.
 G = Mean time per level.
                   A        B        C        D        E       F      G
               +--------+--------+--------+--------+--------+-----+--------+
         Total |   3203 |   3168 |     35 |      0 |      0 |  16 |  200.2 |
       Dungeon |   2948 |   2925 |     23 |      0 |      0 |  14 |  210.6 |
        Temple |     23 |     12 |     11 |      0 |      0 |   1 |   23.0 |
          Lair |    231 |    231 |      0 |      0 |      0 |   1 |  231.0 |
               +--------+--------+--------+--------+--------+-----+--------+

Top non-repeatable levels by time:
    D:10: 685 daAuts
    D:11: 397 daAuts
     D:9: 334 daAuts
    D:12: 331 daAuts
     D:8: 233 daAuts
  Lair:1: 231 daAuts
     D:4: 194 daAuts
     D:5: 174 daAuts
     D:6: 118 daAuts
    D:14: 116 daAuts
     D:3: 116 daAuts
    D:13: 107 daAuts
     D:1: 55 daAuts
     D:7: 43 daAuts
     D:2: 38 daAuts
